 Dungeon Crawl Stone Soup version 0.31-a0-632-g766dd24fdf (webtiles) character file.

Game seed: 12547066520976646149

35056 Newt the Basher (level 13, -14/80 HPs)
             Began as a Gargoyle Fighter on Aug 25, 2023.
             Was the Champion of Jiyva.
             Demolished by Agnes
             ... wielding a +4 spectral lajatang
              (26 damage)
             ... on level 14 of the Dungeon.
             The game lasted 00:14:46 (11615 turns).

Newt the Basher (Gargoyle Fighter)                 Turns: 11615, Time: 00:14:46

Health: -14/80     AC: 22    Str: 38    XL:     13   Next: 81%
Magic:  13/13      EV: 14    Int:  8    God:    Jiyva [******]
Gold:   262        SH:  0    Dex:  7    Spells: 12/12 levels left

rFire   + . .        q - +7 dire flail (freeze)
rCold   . . .        (shield currently unavailable)
rNeg    + . .        M - +0 toga "Victory" {*Victory Clar}
rPois   ∞            (helmet restricted)
rElec   +            (no cloak)
rCorr   +            s - +2 pair of gloves
SInv    .            Q - +1 pair of boots {rampage}
Will    .....        (no amulet)
Stlth   +            w - ring of protection from fire
HPRegen 1.93/turn    A - +6 ring of strength
MPRegen 0.63/turn

%: clarity, rampage
@: no status effects
A: sickness immunity, AC +9, negative energy resistance 1, electricity
resistance, torment resistance 1, petrification resistance, hooves 1, horns 2,
iridescent scales 2, strong 2, eyeballs 2, evolution 2, tendrils, jelly sensing
items, noise suppression
a: Renounce Religion, Oozemancy, Slimify


You were on level 14 of the Dungeon.
You worshipped Jiyva.
Jiyva was exalted by your worship.
You visited 1 branch of the dungeon, and saw 15 of its levels.

You collected 677 gold pieces.
You spent 415 gold pieces at shops.

Inventory:

Hand Weapons
 a - a +0 flail
 q - a +7 dire flail of freezing (weapon)
Missiles
 u - 5 throwing nets
Armour
 b - a +0 scale mail
 c - a +1 buckler
 l - a +2 scale mail of fire resistance
 s - a +2 pair of gloves (worn)
 E - the +5 robe of Night {Dark Will+ SInv}
   (You found it on level 9 of the Dungeon)

   Dark:      It shrouds the wearer in darkness, reducing the range at which
   they can see and be seen by others.
   Will+:     It increases your willpower.
   SInv:      It lets you see invisible.
 M - the +0 toga "Victory" (worn) {*Victory Clar}
   (You found it on level 12 of the Dungeon)

   *Victory:  When the wearer kills a threatening monster, it has a chance to
   gain +1 AC, +1 Slay, and +1 Int, capping at +7.
   When the wearer uses a scroll or a potion with a hostile monster in sight,
   its bonuses reset to +0.
   Unequipping it also resets its bonuses to +0.
   Clar:      It protects you from confusion, rage, mesmerisation and fear.
 N - +0 fire dragon scales
 P - a +1 buckler of reflection
 Q - a +1 pair of boots of rampaging (worn)
Jewellery
 m - a ring of fire
 v - an amulet of faith
 w - a ring of protection from fire (left hand)
 y - a ring of fire
 A - a +6 ring of strength (right hand)
 F - a +6 ring of dexterity
Wands
 o - a wand of flame (34)
 D - a wand of quicksilver (3)
 G - a wand of roots (18)
 H - a wand of mindburst (1)
 I - a wand of polymorph (8)
Scrolls
 e - 3 scrolls of fear
 g - 2 scrolls of teleportation
 n - 4 scrolls of noise
 r - a scroll of brand weapon
 z - a scroll of enchant armour
 C - a scroll of amnesia {unknown}
 J - a scroll of torment {unknown}
 K - 3 scrolls of identify
 O - 3 scrolls of poison
Potions
 d - a potion of might
 f - 2 potions of attraction
 h - 8 potions of curing
 i - 2 potions of mutation
 j - 3 potions of heal wounds
 k - a potion of invisibility
 p - a potion of ambrosia
 t - 2 potions of cancellation
 x - 5 potions of degeneration
 B - 2 potions of berserk rage
 L - a potion of brilliance {unknown}


   Skills:
 - Level 9.0 Fighting
 + Level 14.0 Maces & Flails
 - Level 10.0 Armour
 - Level 10.0 Dodging
 - Level 3.2 Shields
 - Level 9.0 Evocations


You had 12 spell levels left.
You didn't know any spells.
Your spell library contained the following spells:

 Spells                   Type           Power      Damage    Failure   Level
 Apportation              Tloc           0%         N/A       41%         1
 Kiss of Death            Conj/Necr      0%         2d5       41%         1
 Necrotise                Necr           0%         1d4       41%         1
 Sandblast                Erth           0%         2d4       41%         1
 Slow                     Hex            0%         N/A       41%         1
 Summon Small Mammal      Summ           0%         N/A       41%         1
 Blink                    Tloc           0%         N/A       54%         2
 Ensorcelled Hibernation  Hex/Ice        0%         N/A       54%         2
 Passwall                 Tmut/Erth      0%         N/A       54%         2
 Confusing Touch          Hex            0%         N/A       78%         3
 Stone Arrow              Conj/Erth      0%         3d7       78%         3
 Vampiric Draining        Necr           0%         2d6       78%         3
 Anguish                  Hex/Necr       0%         N/A       99%         4
 Dispel Undead            Necr           0%         3d6       99%         4
 Manifold Assault         Tloc           0%         N/A       99%         4
 Summon Ice Beast         Ice/Summ       0%         N/A       99%         4
 Agony                    Necr           0%         N/A       100%        5
 Summon Mana Viper        Hex/Summ       0%         N/A       100%        5
 Conjure Ball Lightning   Conj/Air       0%         3x3d6     100%        6
 Death Channel            Necr           0%         N/A       100%        6
 Monstrous Menagerie      Summ           0%         N/A       100%        7
 Discord                  Hex            0%         N/A       100%        8
 Disjunction              Tloc           0%         N/A       100%        8
 Cigotuvi's Dreadful Rot  Necr/Pois/Air  Unusable   N/A       N/A         2

Dungeon Overview and Level Annotations

Branches:
Dungeon (15/15)            Temple (0/1) D:5            Lair (0/5) D:9
    Orc (0/2) D:9          Depths (0/4) D:15
 Vaults: D:13-14

Altars:
Ashenzari
Cheibriados
Dithmenos
Hepliaklqana
Kikubaaqudgha
Makhleb
Nemelex Xobeh
Qazlal
Trog
Vehumet
Wu Jian
Xom
Zin
Jiyva

Shops:
D:1 ?   D:2 [?[*[   D:3 (   D:5 :   D:6 (*[(   D:7 ?(![[   D:11 (

Portals:
Trove: D:10 (give 7 potions of haste)

Annotations:
D:13 Maurice
D:14 Agnes


Innate Abilities, Weirdness & Mutations

You are immune to sickness and miasma.
Your stone body is resilient. (AC +9)
You are immune to poison.
You resist negative energy. (rN+)
You are resistant to electric shocks. (rElec)
You are resistant to unholy torment.
You are immune to petrification.
You have large cloven feet.
You have a pair of horns on your head.
You are mostly covered in iridescent scales. (AC +4)
Your muscles are very strong. (Str +8, Int/Dex -2)
Your body has grown many eyes which may confuse attackers. (Acc +5)
You have great hidden genetic potential.
You are covered in slimy tendrils that may disarm your opponents.
You have a small jelly attached to you that senses nearby items.
You passively dampen the noise of your surroundings.


Message History

Training target 10.0 for Dodging reached!
Your Dodging skill increases to level 10!
You need to enable at least one skill for training.
Unknown command.
You start resting.
You hear a slurping noise.
HP restored.
You start waiting.
Jiyva gurgles merrily.
You start waiting.
There is a stone staircase leading up, spattered with blood here.
There is an open door here.
There is a stone staircase leading up here.
You climb upwards.
Agnes shouts!
Found a potion of mutation and a potion of invisibility.
Found a stone staircase leading down and a stone staircase leading up.
There is a stone staircase leading down here.
You hit Agnes. You freeze Agnes.
Agnes is lightly wounded.
Agnes hits you with a +4 spectral lajatang!!
You shudder from the blow and a jelly pops out!
The +4 spectral lajatang hits you!
A +4 spectral lajatang comes into view.
You bludgeon Agnes!! You freeze Agnes! Your headbutt misses Agnes.
Agnes is heavily wounded.
The +4 spectral lajatang hits you!
Agnes hits you with a +4 spectral lajatang!
The +4 spectral lajatang hits you!!
* * * LOW HITPOINT WARNING * * *
You shudder from the blow and a jelly pops out!
You hear a distant slurping noise.
Unknown command.
Okay, then.
You feel much better.
The +0 toga "Victory" stops glowing.
The +4 spectral lajatang hits you. The +4 spectral lajatang hits you!
* * * LOW HITPOINT WARNING * * *
Agnes hits you with a +4 spectral lajatang!!
You die...

#..........
#..........
#..........
#.!........
#....>.....
#J..!......
#..........
#..@(......
#..i.......
#.J........
#..........
#<.........
#..........
#..........
#..........


You could see Agnes (ally target), a +4 spectral lajatang (ally target) and 2
friendly azure jellies.

Vanquished Creatures
  A tengu reaver (D:15)
  Kirke (D:12)
  Louise (D:15)
  The ghost of Zoram the Thaumaturge, a journeyman SpAE of Vehumet (D:15)
  Azrael (D:12)
  Snorg (D:12)
  Josephine (D:13)
  2 fire dragons (D:15)
  2 hydras (D:15)
  A centaur warrior (D:15)
  An ogre mage (D:15)
  3 two-headed ogres
  2 boulder beetles (D:12)
  A deep troll earth mage (D:15)
  A dancing weapon (D:15)
  A harpy (D:15)
  7 ugly things (D:15)
  A wolf spider (D:15)
  3 manticores
  The ghost of Dittersdorf the Covered, a novice GrFi (D:6)
  2 cyclopes (D:15)
  2 unseen horrors
  5 kobold demonologists
  A freezing wraith (D:15)
  A komodo dragon (D:12)
  The ghost of Fractals the Trooper, an amateur HOCK of Xom (D:4)
  2 trolls
  6 meliai
  A hornet (D:8)
  5 dream sheep (D:9)
  A vampire (D:10)
  Sigmund (D:5)
  A shadow (D:9)
  A water elemental (D:15)
  A wyvern (D:10)
  3 wraiths (D:13)
  3 fire elementals (D:12)
  15 yaks
  5 hogs
  A human (D:9)
  A steam dragon (D:4)
  5 basilisks
  Menkaure (D:4)
  Edmund (D:5)
  4 water moccasins
  An acid dragon (D:11)
  4 hell hounds (D:12)
  4 orc warriors
  A sky beast (D:7)
  An ice beast (D:6)
  4 black bears
  A centaur (D:7)
  An ogre (D:7)
  The ghost of Sirjeffry24 the Ruffian, an amateur DrSh (D:3)
  2 phantoms (D:5)
  8 kobold brigands
  3 bullfrogs
  3 gnoll sergeants
  4 scorpions
  A wight (D:9)
  5 killer bees (D:9)
  3 howler monkeys
  2 electric eels (D:15)
  A hound (D:6)
  4 gnoll boudas
  8 orc priests
  A sleepcap (D:4)
  4 iguanas
  Terence (D:2)
  Natasha (twice) (D:2)
  7 orc wizards
  25 gnolls
  7 adders
  A shadow imp (D:6)
  3 white imps
  2 ufetubi
  2 worms
  33 orcs
  6 ball pythons
  7 bats
  2 endoplasms (D:1)
  5 giant cockroaches
  12 goblins
  7 hobgoblins
  4 jackals (D:4)
  24 kobolds
  4 quokkas
  8 frilled lizards
  6 rats
338 creatures vanquished.

Vanquished Creatures (collateral kills)
  An ugly thing (D:15)
1 creature vanquished.

Vanquished Creatures (others)
  A centaur warrior (D:15)
  A slime creature (D:15)
  A shadow (D:9)
  Blork the orc (D:5)
  3 wights (D:9)
  25 jellies
  A hound (D:7)
  An orc priest (D:7)
  An iguana (D:5)
  A sleepcap (D:5)
  Natasha (D:2)
  An orc wizard (D:9)
  3 gnolls
  3 adders
  2 ufetubi
  18 orcs
  A giant cockroach (D:3)
  A hobgoblin (D:3)
  A quokka (D:3)
  A ball python (D:3)
  A frilled lizard (D:3)
  2 kobolds
  A rat (D:3)
72 creatures vanquished.

Grand Total: 411 creatures vanquished

Notes
Turn   | Place    | Note
-------+----------+-------------------------------------------
     0 | D:1      | Newt the Gargoyle Fighter began the quest for the Orb.
     0 | D:1      | Reached XP level 1. HP: 14/14 MP: 1/1
   203 | D:1      | Reached XP level 2. HP: 20/20 MP: 2/2
   277 | D:1      | Found Paafash's Magic Scroll Shoppe.
   280 | D:1      | Bought a scroll of identify for 24 gold pieces
   460 | D:1      | Reached XP level 3. HP: 12/24 MP: 3/3
  1041 | D:2      | Found Hamowiq's Antique Armour Boutique.
  1117 | D:2      | Reached skill level 5 in Fighting
  1268 | D:2      | Found a faded altar of an unknown god.
  1269 | D:2      | Found Badgh's Assorted Antiques.
  1269 | D:2      | Found a sparkling altar of Nemelex Xobeh.
  1286 | D:2      | Bought a scroll of identify for 56 gold pieces
  1293 | D:2      | Prayed at the altar of an unknown god.
  1293 | D:2      | Became a worshipper of Jiyva Jucsof the Shapeless
  1293 | D:2      | Reached * piety under Jiyva
  1327 | D:2      | Reached XP level 4. HP: 31/31 MP: 4/4
  1333 | D:2      | Noticed Natasha
  1345 | D:2      | Killed Natasha
  1346 | D:2      | Reached skill level 3 in Maces & Flails
  1678 | D:2      | Found Qyts's Magic Scroll Shoppe.
  1707 | D:2      | Found Qipiaf's Armour Shop.
  1748 | D:2      | Noticed Natasha
  1758 | D:2      | Killed Natasha
  1771 | D:2      | Killed Natasha
  1777 | D:2      | Noticed Terence
  1789 | D:2      | Killed Terence
  1790 | D:2      | Reached XP level 5. HP: 21/35 MP: 5/5
  1992 | D:2      | Reached skill level 4 in Maces & Flails
  2109 | D:2      | Found Zuextam's Armour Shop.
  2164 | D:3      | Found Vyvil's Antique Weapon Shop.
  2165 | D:3      | Reached ** piety under Jiyva
  2281 | D:3      | Found an ancient bone altar of Kikubaaqudgha.
  2417 | D:3      | Found a runed translucent gate.
  2421 | D:3      | Found a runed translucent gate.
  2422 | D:3      | Found a runed translucent gate.
  2428 | D:3      | Noticed Sirjeffry24's ghost (amateur DrSh)
  2567 | D:3      | Found a large runed translucent door.
  2567 | D:3      | Found a large runed translucent door.
  2725 | D:3      | Found a glowing silver altar of Zin.
  2867 | D:3      | Killed Sirjeffry24's ghost
  2868 | D:3      | Reached skill level 5 in Maces & Flails
  2868 | D:3      | Reached XP level 6. HP: 37/40 MP: 6/6
  2937 | D:3      | Found a stormy altar of Qazlal.
  2940 | D:3      | Found a radiant altar of Vehumet.
  2969 | D:4      | Noticed a black bear
  2975 | D:4      | Killed a black bear
  3005 | D:4      | Found a burning altar of Makhleb.
  3005 | D:4      | Noticed an Executioner
  3049 | D:4      | Found a large runed translucent door.
  3049 | D:4      | Found a large runed translucent door.
  3066 | D:4      | Reached skill level 5 in Armour
  3092 | D:4      | Reached XP level 7. HP: 44/44 MP: 7/7
  3094 | D:4      | Noticed a steam dragon
  3101 | D:4      | Killed a steam dragon
  3163 | D:4      | Noticed Fractals's ghost (amateur HOCK)
  3204 | D:4      | Reached *** piety under Jiyva
  3233 | D:4      | Found a snail-covered altar of Cheibriados.
  3250 | D:4      | Gained mutation: You have a small jelly attached to you
                  | that may absorb projectiles. [Jiyva's grace]
  3250 | D:4      | Gained mutation: You are covered in slimy tendrils that may
                  | disarm your opponents. [Jiyva's grace]
  3250 | D:4      | Gained mutation: You have a pair of small horns on your
                  | head. [Jiyva's grace]
  3250 | D:4      | Gained mutation: You have a pair of horns on your head.
                  | [Jiyva's grace]
  3301 | D:4      | Noticed Menkaure
  3307 | D:4      | Killed Menkaure
  3308 | D:4      | Reached skill level 1 in Evocations
  3642 | D:5      | Entered Level 5 of the Dungeon
  3652 | D:5      | Reached XP level 8. HP: 48/49 MP: 8/8
  3731 | D:5      | Reached **** piety under Jiyva
  3779 | D:5      | Noticed Edmund
  3779 | D:5      | Noticed Sigmund
  3785 | D:5      | Killed Sigmund
  3786 | D:5      | Reached skill level 5 in Evocations
  3806 | D:5      | Killed Edmund
  3876 | D:5      | Reached skill level 6 in Maces & Flails
  4039 | D:5      | Killed Blork the orc
  4098 | D:5      | Found a staircase to the Ecumenical Temple.
  4135 | D:5      | Found Niuxt's Self-Published Books.
  4355 | D:6      | Found a runed translucent door.
  4355 | D:6      | Noticed Dittersdorf's ghost (novice GrFi)
  4434 | D:6      | Reached skill level 7 in Maces & Flails
  4434 | D:6      | Reached XP level 9. HP: 54/54 MP: 9/9
  4542 | D:4      | Killed Fractals's ghost
  4543 | D:4      | Reached skill level 8 in Maces & Flails
  4591 | D:6      | Found a hazy altar of Hepliaklqana.
  4694 | D:2      | Bought a twisted soapstone amulet for 140 gold pieces
  4788 | D:6      | Found a broken altar of Ashenzari.
  4852 | D:6      | Found Zoimmozu's Antique Armour Shop.
  4909 | D:6      | Found Seital's Antique Weapon Emporium.
  5001 | D:6      | Reached ***** piety under Jiyva
  5040 | D:6      | Found Xelyngetz's Assorted Antiques.
  5089 | D:6      | Found Joimy's Weapon Shoppe.
  5246 | D:6      | Found a bloodstained altar of Trog.
  5365 | D:6      | Killed Dittersdorf's ghost
  5392 | D:7      | Gained mutation: You passively dampen the noise of your
                  | surroundings. [Jiyva's grace]
  5392 | D:7      | Gained mutation: You are partially covered in iridescent
                  | scales. (AC +2) [Jiyva's grace]
  5392 | D:7      | Gained mutation: You are mostly covered in iridescent
                  | scales. (AC +4) [Jiyva's grace]
  5392 | D:7      | Gained mutation: You are completely covered in iridescent
                  | scales. (AC +6) [Jiyva's grace]
  5476 | D:7      | Found Arifepp's Armour Emporium.
  5549 | D:7      | Found an ornate altar of the Wu Jian Council.
  5567 | D:7      | Reached XP level 10. HP: 66/66 MP: 10/10
  5574 | D:7      | Found Gioble's Distillery.
  5655 | D:7      | Found Feuh's Magic Scroll Boutique.
  5708 | D:7      | Found Isywnegh's Antique Weapon Shop.
  5795 | D:7      | Found Sopum's Armour Shop.
  6663 | D:9      | Noticed a kobold demonologist
  6671 | D:9      | Killed a kobold demonologist
  6686 | D:9      | Reached ****** piety under Jiyva
  6695 | D:9      | Found a staircase to the Lair.
  6821 | D:9      | Found a staircase to the Orcish Mines.
  6845 | D:9      | Reached skill level 10 in Armour
  7148 | D:9      | Lost mutation: You are completely covered in iridescent
                  | scales. (AC +6) [Jiyva's grace]
  7148 | D:9      | Lost mutation: You have a small jelly attached to you that
                  | may absorb projectiles. [Jiyva's grace]
  7148 | D:9      | Gained mutation: Your muscles are strong. (Str +4, Int/Dex
                  | -1) [Jiyva's grace]
  7148 | D:9      | Gained mutation: Your muscles are very strong. (Str +8,
                  | Int/Dex -2) [Jiyva's grace]
  7148 | D:9      | Gained mutation: You have a small jelly attached to you
                  | that senses nearby items. [Jiyva's grace]
  7148 | D:9      | Gained mutation: Your translucent skin slightly reduces
                  | your foes' accuracy. (Stealth+) [Jiyva's grace]
  7250 | D:9      | Reached skill level 9 in Maces & Flails
  7381 | D:9      | Reached skill level 10 in Maces & Flails
  7390 | D:9      | Reached XP level 11. HP: 68/71 MP: 11/11
  7398 | D:9      | Found the +5 robe of Night {Dark Will+ SInv}
  7672 | D:10     | Entered Level 10 of the Dungeon
  7699 | D:10     | Noticed a two-headed ogre
  7704 | D:10     | Killed a two-headed ogre
  7705 | D:10     | Reached skill level 11 in Maces & Flails
  7928 | D:10     | Found a shadowy altar of Dithmenos.
  7948 | D:10     | Reached skill level 12 in Maces & Flails
  8194 | D:10     | Found a portal to a secret trove of treasure.
  8534 | D:11     | Found Uross's Antique Weapon Shoppe.
  8545 | D:11     | Bought a faintly glowing whip for 195 gold pieces
  8545 | D:11     | Identified the +0 whip "Vunnab" {chaos, Int+3} (You bought
                  | it in a shop on level 11 of the Dungeon)
  8637 | D:11     | Reached skill level 13 in Maces & Flails
  8646 | D:11     | Noticed a sixfirhy
  9224 | D:12     | Found the +0 toga "Victory" {*Victory Clar}
  9286 | D:12     | Noticed a boulder beetle
  9292 | D:12     | Noticed a two-headed ogre
  9301 | D:12     | Killed a two-headed ogre
  9302 | D:12     | Reached skill level 14 in Maces & Flails
  9302 | D:12     | Reached skill level 1 in Dodging
  9302 | D:12     | Reached XP level 12. HP: 74/76 MP: 12/12
  9310 | D:12     | Killed a boulder beetle
  9318 | D:12     | Noticed a boulder beetle
  9382 | D:12     | Noticed Snorg
  9395 | D:12     | Killed Snorg
  9535 | D:12     | Noticed Kirke
  9548 | D:12     | Killed Kirke
  9549 | D:12     | Reached skill level 5 in Dodging
  9690 | D:12     | Noticed a two-headed ogre
  9693 | D:12     | Killed a two-headed ogre
  9750 | D:12     | Noticed Azrael
  9763 | D:12     | Killed Azrael
  9857 | D:12     | Killed a boulder beetle
 10261 | D:13     | Noticed Josephine
 10270 | D:13     | Killed Josephine
 10295 | D:13     | Noticed Maurice
 10295 | D:13     | You fall into a shaft and drop 2 floors!
 10295 | D:15     | Entered Level 15 of the Dungeon
 10434 | D:15     | Lost mutation: Your translucent skin slightly reduces your
                  | foes' accuracy. (Stealth+) [Jiyva's grace]
 10434 | D:15     | Gained mutation: You have hidden genetic potential.
                  | [Jiyva's grace]
 10434 | D:15     | Gained mutation: You have great hidden genetic potential.
                  | [Jiyva's grace]
 10434 | D:15     | Gained mutation: Your body has grown eyes which may confuse
                  | attackers. (Acc +3) [Jiyva's grace]
 10434 | D:15     | Gained mutation: Your body has grown many eyes which may
                  | confuse attackers. (Acc +5) [Jiyva's grace]
 10471 | D:15     | Reached XP level 13. HP: 80/80 MP: 13/13
 10499 | D:15     | Noticed a fire dragon
 10507 | D:15     | Killed a fire dragon
 10642 | D:15     | HP: 3/80 [red ugly thing (6)]
 10703 | D:15     | Noticed a tengu reaver
 10713 | D:15     | Killed a tengu reaver
 10934 | D:15     | Found a staircase to the Depths.
 11018 | D:15     | Noticed a fire dragon
 11025 | D:15     | Killed a fire dragon
 11210 | D:15     | Found a runed translucent door.
 11210 | D:15     | Found a shimmering altar of Xom.
 11210 | D:15     | Noticed Zoram's ghost (journeyman SpAE)
 11218 | D:15     | Gained mutation: You have large cloven feet. [hidden
                  | potential]
 11297 | D:15     | Killed Zoram's ghost
 11364 | D:14     | Noticed Louise
 11381 | D:15     | Killed Louise
 11400 | D:15     | Reached skill level 10 in Dodging
 11612 | D:14     | Noticed Agnes
 11615 | D:14     | Demolished by Agnes

Illustrated notes

Levels and vault maps discovered:
D:1:      amcnicky_arrival_gap_in_the_tavern_cellar, layout_basic, serial_shops,
          nicolae_shop_tiny_real_fake_doors
D:2:      layout_basic, basic_altar, serial_shops,
          nicolae_shop_temple_entry_statues_fountains, shop, shop,
          nicolae_shop_advertising_works [nicolae_subvault_shop_adworks], shop,
          ebering_ecumenical_altar_sacrificial, uniq_natasha, uniq_terence
D:3:      layout_loops_ring, zin_treasury, mainiacjoe_overflow_tiny_flanked,
          jmf_multi_god_temple2, serial_shops, shop, gammafunk_ghost_split
D:4:      layout_gridville, lemuel_tele_altar, makhleb_altar_promises_db,
          ebering_ghost_disaster_area, uniq_menkaure
D:5:      layout_loops_cross, minmay_temple_entry_crystal_x, minivault_1,
          corexii_checkpoint_b, minmay_misc_feat_secret_circle,
          nicolae_custom_books, sigmund_edmund_badplayer, uniq_blork_the_orc
D:6:      layout_basic, trog_book, overflow_temple_1_default,
          cheibrodos_ashenzari_chains, hellmonk_ghost_happy_afterlife,
          serial_shops, nicolae_shop_pleasant_corner_grove, shop,
          nicolae_shop_tiny_glass, shop, chequers_serial_rivers_micro_d
D:7:      layout_loops_ring, mainiacjoe_overflow_cross_hatched, serial_shops,
          shop, nicolae_shop_temple_entry_statues_fountains, nicolae_shop_trees,
          nicolae_square_shop, shop, nicolae_concentric_dashed_squares_mild
D:8:      layout_cave_pools, nicolae_wwwww
D:9:      layout_roguey, lair_entry_dummy, hiddenorc2_lemuel, grunt_livestock,
          hellmonk_guarded_unrand_night
D:10:     layout_long_grid, nicolae_dithmenos_shadow_blocks, enter_trove_1,
          hangedman_abyss_or_decor_jellyfish_corner
D:11:     layout_loops_cross, serial_shops, nicolae_shop_gibbet_a_chance
D:12:     layout_loops_ring, serial_rivers, chequers_serial_rivers_micro_a,
          chequers_serial_rivers_micro_d, chequers_serial_rivers_micro_d,
          chequers_serial_rivers_small_3, chequers_serial_rivers_small_3,
          chequers_serial_rivers_large_a, kennysheep_generic_room_6,
          uniq_azrael, uniq_kirke, uniq_snorg
D:13:     layout_roguey, grunt_vaults_entry_tiered, uniq_maurice, uniq_josephine
D:14:     layout_long_grid, serial_shops, shop,
          hangedman_abyss_or_decor_stagger, nicolae_shop_self_help, uniq_louise,
          uniq_agnes
D:15:     hellmonk_depths_entry_around_the_bend, layout_basic, moated_statue,
          ebering_ghost_xom, minmay_fractal_squares_gapless_7

Skill      XL: |  1  2  3  4  5  6  7  8  9 10 11 12 13 |
---------------+----------------------------------------+-----
Fighting       | 4 5 9 |  9.0
Maces & Flails | 3 5 7 8 10 14 | 14.0
Armour         | 5 7 10 | 10.0
Evocations     | 3 5 9 |  9.0
Dodging        | 1 5 10 | 10.0
Shields        | |  3.2

Action                     |  1- 3 |  4- 6 |  7- 9 | 10-12 | 13-15 || total
---------------------------+-------+-------+-------+-------+-------++-------
  Melee: Flail             |   115 |   134 |   244 |       |       ||   493
         Headbutt          |       |       |    54 |    77 |    21 ||   152
         Dire flail        |       |       |    88 |   467 |   110 ||   665
         Kick              |       |       |       |       |     1 ||     1
 Invoke: Slimify           |       |       |       |       |     1 ||     1
  Evoke: Wand              |       |       |       |       |     1 ||     1
    Use: Scroll            |     6 |     4 |     3 |     3 |       ||    16
         Potion            |       |     1 |       |     2 |     1 ||     4
 Armour: Scale mail        |    45 |    57 |   238 |    89 |       ||   429
         Robe              |       |       |       |   128 |    48 ||   176
  Dodge: Dodged            |    62 |    60 |   143 |   229 |    56 ||   550
  Block: Buckler           |    26 |    26 |    54 |       |       ||   106

Table legend: (Time is in decaauts)
 A = Elapsed time spent in this place.
 B = Non-inter-level travel time spent in this place.
 C = Inter-level travel time spent in this place.
 D = Time resting spent in this place.
 E = Time spent auto-exploring this place.
 F = Levels seen in this place.
 G = Mean time per level.
                   A        B        C        D        E       F      G
               +--------+--------+--------+--------+--------+-----+--------+
         Total |  11557 |  10680 |    877 |    853 |   7816 |  15 |  770.5 |
       Dungeon |  11557 |  10680 |    877 |    853 |   7816 |  15 |  770.5 |
               +--------+--------+--------+--------+--------+-----+--------+

Top non-repeatable levels by time:
    D:15: 1259 daAuts
     D:2: 1203 daAuts
    D:12: 1068 daAuts
     D:1: 1062 daAuts
     D:9: 1037 daAuts
     D:4: 857 daAuts
     D:3: 855 daAuts
     D:5: 774 daAuts
     D:7: 754 daAuts
    D:11: 739 daAuts
     D:6: 737 daAuts
    D:10: 671 daAuts
     D:8: 463 daAuts
    D:13: 65 daAuts
    D:14: 8 daAuts
